AoeStats
← Goku_San

MegaRandom

509387973Analyzed
4v4 RM · 6d ago on Sep 26, 2026· 30m 46s· 8 players
Game mode
Random Map
Map size
Large (8 player)
Population
200
Speed
Normal
Resources
Standard
Victory
Conquest
Starting age
Dark Age
Ending age
Imperial Age
RankedLock teamsTeams togetherTeam positionsShared explorationLock speedFull tech treeHidden civsTurbo modeCheats
Victory
Defeat
🇨🇳 Ethiopians · China
1272
+14
🇫🇷 Khmer · France
1243
+16
🇳🇴 Saracens · Norway
1191
+18
🇺🇸 Persians · United States
1108
+22
🇮🇱 Mongols · Israel
1299
-20
🇷🇴 Lithuanians · Romania
1220
-17
🇬🇧 Japanese · United Kingdom
1214
-17
🇨🇳 Goths · China
1193
-16
boluwatifeajibade
0:30 Loom
9:35 Feudal Age
9:40 Man-at-Arms
10:58 Double-Bit Axe
14:22 Horse Collar
15:09 Fletching
18:14 Padded Archer Armor
24:08 Castle Age
25:00 Bodkin Arrow
24:30 Crossbowman
26:54 Gold Mining
28:25 Ballistics
28:24 Bow Saw
29:00 Wheelbarrow
30:54 Leather Archer Armor
ionut_s
0:38 Loom
11:33 Feudal Age
12:13 Horse Collar
13:35 Double-Bit Axe
16:14 Bloodlines
16:44 Scale Barding Armor
Goku_San
6:01 Loom
9:28 Feudal Age
10:02 Double-Bit Axe
16:19 Scale Barding Armor
17:21 Bloodlines
18:59 Forging
19:55 Horse Collar
23:00 Castle Age
23:47 Husbandry
30:56 Chain Barding Armor
rower56
1:56 Loom
12:44 Feudal Age
13:31 Horse Collar
13:37 Double-Bit Axe
16:15 Bloodlines
17:11 Scale Barding Armor
17:49 Forging
24:43 Castle Age
22:56 Stone Mining
23:57 Padded Archer Armor
24:01 Scale Mail Armor
25:40 Wheelbarrow
24:44 Light Cavalry
25:05 Pikeman
25:45 Squires
26:25 Chain Barding Armor
Atlicious
4:11 Loom
9:02 Feudal Age
10:02 Double-Bit Axe
10:29 Double-Bit Axe
14:10 Fletching
19:58 Castle Age
20:01 Crossbowman
21:23 Bodkin Arrow
27:17 Thumb Ring
张维为
0:28 Loom
11:02 Feudal Age
12:23 Town Watch
19:30 Fletching
22:23 Double-Bit Axe
28:26 Castle Age
28:27 Crossbowman
29:49 Bodkin Arrow
Psychedelonaut
0:39 Loom
10:37 Feudal Age
14:16 Castle Age
13:02 Double-Bit Axe
14:24 Wheelbarrow
21:58 Forging
26:56 Horse Collar
29:06 Heavy Plow
32:53 Imperial Age
sakuzi
11:10 Feudal Age
12:45 Bloodlines
13:52 Double-Bit Axe
15:33 Scale Barding Armor
21:09 Castle Age
18:55 Loom
27:57 Husbandry
28:20 Chain Barding Armor
30:11 Forging
Connection lost

Rejoining the realm…

Still unreachable

The connection could not be restored.

Session expired

The server has moved on; the page needs a fresh start.